 Seeded DCSS version 0.29.1-15-g9cfb28693d (webtiles) character file.

Game seed: 2687677490326317623 (custom seed)

1391 Gelion the Cudgeller (level 9, -4/74 HPs)
             Began as a Formicid Gladiator on May 13, 2023.
             Slain by Dowan
             ... wielding a +0 dagger
              (6 damage)
             ... on level 4 of the Dungeon.
             The game lasted 00:10:53 (7496 turns).

Gelion the Cudgeller (Formicid Gladiator)           Turns: 7496, Time: 00:10:54

Health: -4/74      AC:  7    Str: 20 (23) XL:     9   Next: 0%
Magic:  9/9        EV: 17    Int:  5 (8)  God:
Gold:   326        SH:  0    Dex: 14 (15) Spells: 8/8 levels left

rFire   . . .      SeeInvis +   a - +0 flail
rCold   . . .      Faith    .   (no shield)
rNeg    . . .      Spirit   .   b - +0 leather armour
rPois   .          Reflect  .   (helmet unavailable)
rElec   .          Harm     .   (no cloak)
rCorr   .          Rampage  .   (no gloves)
Will    .....                   (no boots)
Stlth   +.........              (no amulet)
HPRegen 0.22/turn               q - +4 ring of protection
MPRegen 0.11/turn               l - +4 ring of evasion

@: no status effects
A: permanent stasis, dig shafts and tunnels, antennae 3, four strong arms,
robust 1
a: Dig, Shaft Self


You were on level 4 of the Dungeon.
You visited 1 branch of the dungeon, and saw 6 of its levels.

You collected 326 gold pieces.

Inventory:

Hand Weapons
 a - a +0 flail (weapon)
 c - a +0 giant club
Missiles
 d - a javelin (quivered)
Armour
 b - a +0 leather armour (worn)
 o - a +1 plate armour
Jewellery
 l - a +4 ring of evasion (right hand)
 q - a +4 ring of protection (left hand)
 s - a ring of positive energy
Wands
 j - a wand of acid (8)
Scrolls
 e - 4 scrolls of teleportation
 h - 2 scrolls of enchant weapon
 i - a scroll of fog {unknown}
 m - 2 scrolls of fear
 n - 2 scrolls of amnesia
 r - a scroll of noise
 t - a scroll of brand weapon
 u - a scroll of immolation
 v - a scroll of blinking {unknown}
Potions
 f - 2 potions of cancellation
 g - 2 potions of haste


   Skills:
 + Level 5.5 Fighting
 * Level 7.2 Maces & Flails
 + Level 5.0 Throwing
 + Level 5.0 Dodging


You had 8 spell levels left.
You didn't know any spells.
Your spell library contained the following spells:

 Spells                   Type           Power      Damage    Failure   Level
 Necrotise                Necr           0%         1d4       54%         1
 Tukima's Dance           Hex            0%         N/A       88%         3
 Vampiric Draining        Necr           0%         2d6       88%         3
 Passage of Golubria      Tloc           0%         N/A       99%         4
 Agony                    Necr           0%         N/A       100%        5
 Yara's Violent Unravell  Hex/Tmut       0%         3d3       100%        5


Dungeon Overview and Level Annotations

Branches:
Dungeon (6/15)             Temple (0/1) D:5

Altars:
Trog
Zin

Annotations:
D:4 Dowan


Innate Abilities, Weirdness & Mutations

You cannot be hasted, slowed, berserked, paralysed or teleported.
You can dig through walls and to a lower floor.
You have a pair of large antennae on your head. (SInv)
Your four strong arms can wield two-handed weapons with a shield.
You are robust. (+10% HP)


Message History

Dowan is heavily wounded.
Dowan barely misses you.
You closely miss Dowan.
Dowan is heavily wounded.
Dowan misses you. x2
You barely miss Dowan.
Dowan is heavily wounded.
Dowan mumbles some strange words.
Dowan blinks!
Unknown command.
Dowan casts a spell at you. The stone arrow hits you!
* * * LOW HITPOINT WARNING * * *
Dowan breathes, "And she was my only..."
You closely miss Dowan.
Dowan is heavily wounded.
Dowan says, "Magic will overcome all!"
Dowan completely misses you. Dowan hits you but does no damage.
You closely miss Dowan.
Dowan is heavily wounded.
Dowan hits you with a +0 dagger.
* * * LOW HITPOINT WARNING * * *
Dowan gestures at you while chanting. The stone arrow hits you.
* * * LOW HITPOINT WARNING * * *
It was a potion of degeneration.
There was something very wrong with that liquid.
You feel weakened.
You feel dopey.
You feel clumsy. Dowan barely misses you.
It was a potion of berserk rage.
Your stasis prevents you from going berserk.
Dowan barely misses you.
An adder comes into view.
Dowan casts a spell at you. The stone arrow misses you.
The adder hisses angrily.
You closely miss Dowan.
Dowan is heavily wounded.
Dowan hits you with a +0 dagger.
You die...

#......#..
#......#.. #. .#
#......#.. #
....#
#########>.######
#.....#
#...)....####.###
#.#.#.#
#†#####........>.
#.....###.#
#..........
#.....##..#
#..........
#.#e#.##@##
##...##....
#.....##e#
######....
#$....#..# #.....
#.....S.##
#....+.....
#########
#....##...#
#....##...#
..........
#.........
##.........


You could see Dowan (fast) and an adder.

Vanquished Creatures
  Sigmund (D:4)
  Eustachio (D:5)
  Duvessa (D:4)
  2 black bears (D:6)
  An ogre (D:4)
  2 scorpions (D:6)
  A necrophage (D:4)
  5 hounds
  A jelly (D:3)
  An iguana (D:6)
  4 orc wizards (D:6)
  Natasha (thrice) (D:2)
  4 gnolls (D:4)
  6 adders
  A shadow imp (D:6)
  A white imp (D:6)
  A dart slug (D:4)
  11 orcs
  2 endoplasms
  4 giant cockroaches
  4 hobgoblins
  4 jackals
  6 quokkas
  6 ball pythons
  3 bats
  7 frilled lizards
  7 goblins
  4 kobolds
  4 rats
98 creatures vanquished.

Notes
Turn   | Place    | Note
-------+----------+-------------------------------------------
     0 | D:1      | Gelion the Formicid Gladiator began the quest for the Orb.
     0 | D:1      | Reached XP level 1. HP: 16/16 MP: 1/1
   460 | D:1      | Reached XP level 2. HP: 23/23 MP: 2/2
  1302 | D:2      | Noticed Natasha
  1310 | D:2      | Killed Natasha
  1311 | D:2      | Reached XP level 3. HP: 13/28 MP: 3/3
  1928 | D:2      | Noticed Natasha
  1937 | D:2      | Killed Natasha
  1938 | D:2      | Reached XP level 4. HP: 17/34 MP: 4/4
  2386 | D:2      | Noticed Natasha
  2395 | D:2      | Killed Natasha
  2396 | D:2      | Reached skill level 4 in Maces & Flails
  2573 | D:3      | Reached XP level 5. HP: 37/41 MP: 5/5
  2911 | D:3      | Found a bloodstained altar of Trog.
  3046 | D:3      | You fall into a shaft and drop 3 floors!
  3075 | D:6      | Noticed a black bear
  3076 | D:6      | Noticed a black bear
  3086 | D:6      | Killed a black bear
  3087 | D:6      | Reached XP level 6. HP: 24/47 MP: 6/6
  3096 | D:6      | Killed a black bear
  3097 | D:6      | Reached skill level 5 in Maces & Flails
  3485 | D:6      | Reached XP level 7. HP: 37/53 MP: 7/7
  5084 | D:5      | Entered Level 5 of the Dungeon
  5131 | D:5      | Found a glowing silver altar of Zin.
  5422 | D:5      | Noticed Eustachio
  5428 | D:5      | Reached skill level 6 in Maces & Flails
  5428 | D:5      | Reached XP level 8. HP: 52/61 MP: 8/8
  5462 | D:5      | HP: 2/61 [ufetubus[Eustachio] (2)]
  5489 | D:5      | Killed Eustachio
  5491 | D:5      | Gained mutation: You are robust. (+10% HP) [potion of
                  | mutation]
  5491 | D:5      | Gained mutation: You have large cloven feet. [potion of
                  | mutation]
  5491 | D:5      | Lost mutation: You have large cloven feet. [potion of
                  | mutation]
  5497 | D:5      | HP: 3/67 [poisoned by Eustachio]
  5499 | D:5      | HP: 1/67 [poisoned by Eustachio]
  6041 | D:5      | Found a staircase to the Ecumenical Temple.
  6403 | D:4      | Noticed Sigmund
  6491 | D:4      | Killed Sigmund
  6492 | D:4      | Reached skill level 5 in Fighting
  6803 | D:4      | HP: 3/68 [ogre/+0 giant club (18)]
  7220 | D:4      | Reached skill level 7 in Maces & Flails
  7459 | D:4      | Noticed Dowan
  7460 | D:4      | Noticed Duvessa
  7483 | D:4      | Killed Duvessa
  7484 | D:4      | Reached skill level 5 in Throwing
  7484 | D:4      | Reached skill level 5 in Dodging
  7484 | D:4      | Reached XP level 9. HP: 25/74 MP: 9/9
  7493 | D:4      | HP: 3/74 [Dowan/+0 dagger (3)]
  7493 | D:4      | HP: 1/74 [Dowan/stone arrow (2)]
  7496 | D:4      | Slain by Dowan

Illustrated notes

Levels and vault maps discovered:
D:1:      minmay_arrival_loop, layout_basic
D:2:      layout_basic, uniq_natasha
D:3:      layout_loops_ring, trog_butcher_becter,
          shapermc_ecumenical_altar_hornbeckon
D:4:      layout_gridville, columned_hall_lemuel, st_stairs_2, minivault_23,
          uniq_duvessa, uniq_sigmund
D:5:      layout_basic, nicolae_overflow_crystal_walls,
          minmay_temple_entry_glass, minmay_misc_feat_cross,
          hangedman_abyss_or_decor_lesser_grid, uniq_eustachio
D:6:      layout_loops_corners, st_stairs_3, kennysheep_dice

Skill      XL: |  1  2  3  4  5  6  7  8 |
---------------+-------------------------+-----
Dodging        | 3 4 5 |  5.0
Fighting       | 3 4 5 |  5.5
Maces & Flails | 4 5 6 7 |  7.2
Throwing       | 3 4 5 |  5.0

Action                   |  1- 3 |  4- 6 |  7- 9 || total
-------------------------+-------+-------+-------++-------
Melee: Flail             |    71 |    88 |   268 ||   427
       Punch             |       |     1 |     1 ||     2
Throw: Throwing net      |       |     3 |     2 ||     5
  Use: Scroll            |       |       |     9 ||     9
       Potion            |       |       |     8 ||     8
 Stab: Sleeping          |       |     1 |       ||     1
       Held in net/web   |       |     1 |       ||     1
Armor: Leather armour    |    26 |    16 |    83 ||   125
Dodge: Dodged            |    51 |    66 |   259 ||   376
